 Dungeon Crawl Stone Soup version 0.29.1-2-gbd0b4ee654 (webtiles) character file.

Game seed: 10246691772235567293

39 qeuew the Trooper (level 3, -2/29 HPs)
             Began as a Demonspawn Abyssal Knight on Nov 15, 2022.
             Was a Believer of Lugonu.
             Slain by an iron imp (3 damage)
             ... summoned by Natasha
             ... on level 2 of the Dungeon.
             The game lasted 00:01:51 (1340 turns).

qeuew the Trooper (Demonspawn Abyssal Knight)       Turns: 1340, Time: 00:01:51

Health: -2/29      AC:  5    Str: 18    XL:     3   Next: 26%
Magic:  5/5        EV: 12    Int: 11    God:    Lugonu [**....]
Gold:   72         SH:  4    Dex: 15    Spells: 2/2 levels left

rFire   . . .      SeeInvis .   j - +0 war axe
rCold   . . .      Faith    .   (no shield)
rNeg    + . .      Spirit   .   b - +1 leather armour
rPois   .          Reflect  .   (no helmet)
rElec   .          Harm     .   (no cloak)
rCorr   .          Rampage  .   d - +0 pair of gloves
Will    .....                   (no boots)
Stlth   +.........              (no amulet)
HPRegen 0.09/turn               c - ring "Xainuarr" {rN+ Str+5}
MPRegen 0.09/turn               (no ring)

@: slowed, very slow
A: large bone plates 1, talons 1, sturdy frame 1
a: Renounce Religion, Depart the Abyss, Bend Space


You were on level 2 of the Dungeon.
You worshipped Lugonu.
Lugonu was pleased with you.
You visited 1 branch of the dungeon, and saw 2 of its levels.
You visited the Abyss 1 time.

You collected 72 gold pieces.

Inventory:

Hand Weapons
 j - a +0 war axe (weapon)
Armour
 b - a +1 leather armour (worn)
 d - a +0 pair of gloves (worn)
Jewellery
 c - the ring "Xainuarr" (left hand) {rN+ Str+5}
   (You acquired it on level 2 of the Dungeon)

   [ring of positive energy]

   Str:       It affects your strength (+5).
   rN:        It protects you from negative energy.
Scrolls
 f - a scroll of teleportation
 g - 2 scrolls of identify
 k - 2 scrolls of acquirement
 l - 3 scrolls of enchant weapon {unknown}
Potions
 e - a potion of lignification
 h - a potion of magic {unknown}
 i - a potion of heal wounds {unknown}


   Skills:
 + Level 3.2 Fighting
 + Level 2.1 Axes
 + Level 2.2 Armour
 + Level 1.5 Dodging
 + Level 3.0 Invocations


You had 2 spell levels left.
You didn't know any spells.
Your spell library contained the following spells:

 Spells                   Type           Power      Damage    Failure   Level
 Confusing Touch          Hex            0%         N/A       73%         3
 Yara's Violent Unravell  Hex/Tmut       0%         3d3       100%        5
 Enfeeble                 Hex            0%         N/A       100%        7


Dungeon Overview and Level Annotations

Branches:
Dungeon (2/15)

Altars:

Shops:
D:1 :

Annotations:
D:2 Natasha


Innate Abilities, Weirdness & Mutations

You are partially covered in large bone plates. (SH +4)
You have sharp toenails.
Your movements are slightly less encumbered by armour. (ER -2)


Message History

Natasha misses you.
You barely miss Natasha.
Natasha is moderately wounded.
Natasha stares at you and mumbles some strange words.
You feel yourself slow down.
The crimson imp blinks!
Natasha casts a spell.
You barely miss Natasha. You claw Natasha, but do no damage.
Natasha is moderately wounded.
You barely miss the crimson imp. Natasha misses you. The crimson imp hits you.
The crimson imp lashes its tail.
The crimson imp blinks!
Natasha completely misses you.
You miss Natasha.
Natasha is moderately wounded.
You block Natasha's attack. The crimson imp barely misses you.
Natasha stares at you and mumbles some strange words.
The magic dart hits you. The iron imp barely misses you.
You hit Natasha but do no damage.
Natasha is moderately wounded.
You barely miss the iron imp. You closely miss the crimson imp.
Natasha claws you. The crimson imp closely misses you.
The iron imp barely misses you. The crimson imp hits you. Natasha claws you.
* * * LOW HITPOINT WARNING * * *
The iron imp barely misses you.
Really quaff the potion of lignification?
Okay, then.
You hit Natasha but do no damage. Your kick misses Natasha.
Natasha is moderately wounded.
You hit the crimson imp. You hit the iron imp. Natasha misses you.
You block the crimson imp's attack. Natasha misses you.
The crimson imp hits you.
* * * LOW HITPOINT WARNING * * *
The iron imp hits you but does no damage.
You closely miss Natasha. You claw Natasha.
Natasha is severely wounded.
You closely miss the crimson imp. You barely miss the iron imp.
Natasha claws you.
* * * LOW HITPOINT WARNING * * *
The crimson imp hits you but does no damage.
The iron imp hits you.
You die...

(........
##.......## #...
#........># <..
#.........# ..
#.........# #.
#.........## #.##
#..5h....^... #..##
#.@5....##...###...
##$....## #.......
#..#### ##...<..
###..#####...<.###..
#...........## #..
#....##.### #.#
#....# # #.. ####.#
# #.. #.# #...#


You could see an iron imp (summoned), Natasha and a crimson imp (summoned).

Vanquished Creatures
  An adder (D:2)
  A dart slug (D:1)
  3 ball pythons
  2 bats (D:2)
  3 endoplasms (D:2)
  2 goblins
  4 hobgoblins
  2 quokkas (D:2)
  2 frilled lizards (D:2)
  2 kobolds (D:1)
  4 rats
26 creatures vanquished.

Notes
Turn   | Place    | Note
-------+----------+-------------------------------------------
     0 | Abyss:1  | qeuew the Demonspawn Abyssal Knight began the quest for the
                  | Orb.
     0 | Abyss:1  | Reached XP level 1. HP: 18/18 MP: 2/2
     1 | D:1      | Escaped the Abyss
   413 | D:1      | Found a faded altar of an unknown god.
   419 | D:1      | Reached skill level 1 in Dodging
   523 | D:1      | Gained mutation: You are partially covered in large bone
                  | plates. (SH +4) [demonic ancestry]
   523 | D:1      | Reached XP level 2. HP: 22/24 MP: 4/4
   697 | D:1      | Found Efemops's Vocational Training.
   825 | D:1      | Gained mutation: You have sharp toenails. [potion of
                  | mutation]
   825 | D:1      | Gained mutation: Your movements are slightly less
                  | encumbered by armour. (ER -2) [potion of mutation]
   845 | D:2      | Identified 3 scrolls of acquirement
   845 | D:2      | Acquired the ring "Xainuarr" {rN+ Str+5}
   886 | D:2      | Reached XP level 3. HP: 21/29 MP: 5/5
  1065 | D:2      | Reached *** piety under Lugonu
  1326 | D:2      | Noticed Natasha
  1340 | D:2      | HP: 1/29 [Natasha (2)]
  1340 | D:2      | Slain by an iron imp

Illustrated notes

Levels and vault maps discovered:
D:1:      matt_arrival_refuge, layout_loops_cross,
          chequers_ecumenical_altar_island, nicolae_shop_vocational
D:2:      layout_rooms, uniq_natasha

Skill      XL: |  1  2  3 |
---------------+----------+-----
Dodging        | 1 |  1.5
Axes           | 2 |  2.1
Armour         | 2 |  2.2
Invocations    | 3 |  3.0
Fighting       | |  3.2

Action                   || total
-------------------------++-------
Melee: Hand axe          ||    59
       Punch             ||     1
       Kick              ||    10
       War axe           ||    21
  Use: Scroll            ||     7
       Potion            ||     3
 Stab: Sleeping          ||     1
Armor: Leather armour    ||    19
Dodge: Dodged            ||    51
Block: Other             ||    15
